AoeStats
← El loco

Arabia

511112639Analyzed
1v1 RM · 6h ago on Oct 3, 2026· 39m 2s· 2 players
Game mode
Random Map
Map size
Tiny (2 player)
Population
200
Speed
Normal
Resources
Standard
Victory
Conquest
Starting age
Dark Age
Ending age
Imperial Age
RankedLock teamsTeams togetherTeam positionsShared explorationLock speedFull tech treeHidden civsTurbo modeCheats
Victory
Defeat
🇲🇽 Aztecs · Mexico
1271
+15
🇦🇷 Byzantines · Argentina
1245
-15
El loco
6:25 Loom
8:48 Feudal Age
9:21 Double-Bit Axe
14:07 Man-at-Arms
18:39 Castle Age
18:44 Long Swordsman
19:09 Gambesons
21:52 Forging
23:08 Squires
24:27 Arson
24:52 Scale Mail Armor
26:33 Fletching
26:43 Padded Archer Armor
27:17 Bow Saw
27:54 Horse Collar
28:11 Bodkin Arrow
28:31 Leather Archer Armor
27:57 Elite Skirmisher
29:34 Leather Archer Armor
36:00 Imperial Age
33:28 Gold Mining
34:14 Ballistics
34:39 Heavy Plow
34:31 Crossbowman
david.indie108
4:58 Loom
10:30 Feudal Age
11:04 Double-Bit Axe
11:00 Horse Collar
14:46 Gold Mining
17:10 Castle Age
16:29 Forging
16:19 Scale Mail Armor
16:05 Arson
18:05 Bow Saw
17:56 Heavy Plow
19:45 Chain Mail Armor
21:05 Fervor
22:18 Wheelbarrow
22:42 Sanctity
24:11 Redemption
23:52 Man-at-Arms
24:17 Gambesons
24:33 Squires
25:26 Sanctity
25:51 Hand Cart
25:22 Town Watch
30:35 Imperial Age
29:08 Gold Shaft Mining
28:24 Stone Mining
29:59 Iron Casting
29:40 Chain Mail Armor
31:57 Theocracy
31:38 Block Printing
31:49 Illumination
31:56 Crop Rotation
32:24 Elite Jaguar Warrior
34:06 Blast Furnace
33:36 Plate Mail Armor
33:37 Treadmill Crane
35:01 Conscription
35:08 Conscription
35:13 Garland Wars
35:32 Herbal Medicine
39:39 Chemistry
Connection lost

Rejoining the realm…

Still unreachable

The connection could not be restored.

Session expired

The server has moved on; the page needs a fresh start.